 Dungeon Crawl Stone Soup version 0.31.0-12-g77e489cdc1 (webtiles) character file.

Game seed: 4181293884741930995

162 Curundu the Chopper (level 5, -1/72 HPs)
             Began as a Minotaur Berserker on Feb 21, 2024.
             Was a Believer of Trog.
             Slain by a gnoll
             ... wielding a +2 halberd of freezing
             ... led by a gnoll bouda
              (10 damage)
             ... on level 3 of the Dungeon.
             The game lasted 00:07:04 (2405 turns).

Curundu the Chopper (Minotaur Berserker)            Turns: 2405, Time: 00:07:05

Health: -1/72      AC:  6    Str: 23    XL:     5   Next: 19%
Magic:  4/4        EV: 10    Int:  4    God:    Trog [**....]
Gold:   145        SH:  0    Dex: 10    Spells: 4/4 levels left

rFire   . . .        a - +0 hand axe
rCold   . . .        (no shield)
rNeg    . . .        j - +0 scale mail
rPois   .            (helmet restricted)
rElec   .            (no cloak)
rCorr   .            (no gloves)
SInv    .            (no boots)
Will    .....        (no amulet) Stlth
                     (no ring)
HPRegen 0.32/turn    (no ring)
MPRegen 0.09/turn

%: no passive effects
@: berserking, very quick
A: horns 2, retaliatory headbutt
a: Renounce Religion, Berserk, Trog's Hand


You were on level 3 of the Dungeon.
You worshipped Trog.
Trog was pleased with you.
You visited 1 branch of the dungeon, and saw 3 of its levels.

You collected 145 gold pieces.

Inventory:

Hand Weapons
 a - a +0 hand axe (weapon)
Missiles
 i - a boomerang (quivered)
Armour
 j - a +0 scale mail (worn)
Jewellery
 c - a ring of fire
 m - a ring of positive energy
Scrolls
 b - 2 scrolls of fog {unknown}
 d - 3 scrolls of teleportation {unknown}
 e - 2 scrolls of fear {unknown}
 f - 2 scrolls of identify {unknown}
 g - a scroll of torment {unknown}
Potions
 h - 3 potions of brilliance {unknown}
 k - 2 potions of curing {unknown}
 l - a potion of attraction {unknown}
 n - a potion of enlightenment {unknown}
 o - a potion of might {unknown}


   Skills:
 * Level 5.0 Fighting
 + Level 5.3 Axes
 + Level 3.0 Armour
 + Level 3.1 Dodging
 * Level 0.2 Shields


You had 4 spell levels left.
You didn't know any spells.
Your spell library was empty.

Dungeon Overview and Level Annotations

Branches:
Dungeon (3/15)

Altars:
Kikubaaqudgha


Innate Abilities, Weirdness & Mutations

You have a pair of horns on your head.
You reflexively headbutt those who attack you in melee.


Message History

The gnoll is lightly wounded.
The gnoll hits you with a +0 whip. The gnoll hits you but does no damage.
You hit the gnoll.
The gnoll is heavily wounded.
The gnoll barely misses you.
The gnoll hits you from afar with a +0 spear!
You hit the gnoll but do no damage. You headbutt the gnoll.
The gnoll is almost dead.
The gnoll barely misses you. You furiously retaliate!
You headbutt the gnoll.
You kill the gnoll!
Trog accepts your kill. The gnoll closely misses you.
Your Armour skill increases to level 3!
You hit the gnoll bouda. Your headbutt misses the gnoll bouda.
The gnoll bouda is lightly wounded.
The gnoll closely misses you.
The gnoll bouda hits you with a +0 whip!
You barely miss the gnoll bouda.
The gnoll bouda is lightly wounded.
The gnoll misses you. The gnoll closely misses you.
The gnoll bouda barely misses you.
You closely miss the gnoll bouda.
The gnoll bouda is lightly wounded.
Your attacks no longer feel as feeble.
The gnoll closely misses you.
The gnoll hits you from afar with a +0 spear.
The gnoll bouda hits you with a +0 whip.
You closely miss the gnoll bouda.
The gnoll bouda is lightly wounded.
The gnoll hits you from afar with a +2 halberd of freezing!
The gnoll freezes you.
* * * LOW HITPOINT WARNING * * *
The gnoll hits you from afar with a +0 spear.
* * * LOW HITPOINT WARNING * * *
The gnoll bouda hits you with a +0 whip.
* * * LOW HITPOINT WARNING * * *
A red film seems to cover your vision as you go berserk!
You feel yourself moving faster!
You feel mighty!
The gnoll hits you from afar with a +2 halberd of freezing!
You die...

..#
##..###..#####.###
..# ##.....##
#.... .. #.#####
####. #. #.# #.
#.##### ## #.g##
#gg# ##g# # #@# #
#>###### #
#......# #
######.###########
#.......#....
###.......###
#......####
#..........
#.....####.


You could see a gnoll bouda and 3 gnolls.

Vanquished Creatures
  A bombardier beetle (D:3)
  An orc wizard (D:2)
  2 gnolls (D:3)
  3 adders
  2 dart slugs (D:1)
  A ribbon worm (D:3)
  5 orcs
  4 endoplasms
  A giant cockroach (D:3)
  3 goblins
  3 hobgoblins (D:1)
  2 jackals (D:2)
  2 quokkas (D:1)
  A ball python (D:1)
  5 bats
  A frilled lizard (D:3)
  9 kobolds
  5 rats
51 creatures vanquished.

Notes
Turn   | Place    | Note
-------+----------+-------------------------------------------
     0 | D:1      | Curundu the Minotaur Berserker began the quest for the Orb.
     0 | D:1      | Reached XP level 1. HP: 19/19 MP: 0/0
   299 | D:1      | Reached XP level 2. HP: 21/27 MP: 1/1
  1149 | D:2      | Reached XP level 3. HP: 14/33 MP: 2/2
  1407 | D:2      | Reached ** piety under Trog
  1427 | D:2      | Reached XP level 4. HP: 41/41 MP: 3/3
  1455 | D:2      | Found an ancient bone altar of Kikubaaqudgha.
  1567 | D:2      | You fall into a shaft and drop 1 floor!
  2061 | D:3      | Reached skill level 5 in Axes
  2368 | D:3      | Reached XP level 5. HP: 47/47 MP: 4/4
  2398 | D:3      | Reached skill level 5 in Fighting
  2405 | D:3      | Slain by a gnoll

Illustrated notes

Levels and vault maps discovered:
D:1:      scummos_arrival_checkerplants, layout_basic
D:2:      layout_loops_ring, basic_altar, kennysheep_doodads
D:3:      layout_rooms

Skill      XL: |  1  2  3  4  5 |
---------------+----------------+-----
Fighting       | 4 5 |  5.0
Axes           | 4 5 |  5.3
Dodging        | 3 |  3.1
Armour         | 3 |  3.0
Shields        | |  0.2

Action                     |  1- 3 |  4- 6 || total
---------------------------+-------+-------++-------
  Melee: Hand axe          |    79 |    41 ||   120
         Headbutt          |     6 |     6 ||    12
         Punch             |     1 |       ||     1
 Invoke: Berserk           |     2 |     1 ||     3
 Armour: Animal skin       |    46 |       ||    46
         Scale mail        |    10 |    32 ||    42
  Dodge: Dodged            |    57 |    31 ||    88
